AoeStats
← bthi68153

Arena

510503830Analyzed
4v4 RM · 8h ago on Oct 1, 2026· 28m 57s· 8 players
Game mode
Random Map
Map size
Large (8 player)
Population
200
Speed
Normal
Resources
Standard
Victory
Conquest
Starting age
Dark Age
Ending age
Imperial Age
RankedLock teamsTeams togetherTeam positionsShared explorationLock speedFull tech treeHidden civsTurbo modeCheats
Victory
Defeat
🇨🇳 Poles · China
1145
+15
🇦🇺 Japanese · Australia
1137
+15
🇻🇳 Lithuanians · Vietnam
1110
+16
🇬🇧 Japanese · United Kingdom
1064
+17
🇨🇳 Varangians · China
1123
-16
🇪🇸 Hindustanis · Spain
1118
-16
🇨🇳 Khmer · China
1103
-16
🇺🇸 Inca · United States
1101
-15
Carleo_Intestin
10:41 Feudal Age
11:58 Double-Bit Axe
11:58 Horse Collar
14:30 Castle Age
15:46 Bow Saw
15:58 Heavy Plow
22:23 Fletching
23:37 Wheelbarrow
NickJiang
9:51 Feudal Age
10:37 Loom
13:02 Castle Age
11:07 Double-Bit Axe
14:55 Wheelbarrow
16:39 Loom
18:00 Horse Collar
25:10 Heavy Plow
25:23 Bow Saw
26:47 Gold Mining
30:34 Imperial Age
28:28 Hand Cart
29:02 Gold Shaft Mining
Ace
10:51 Feudal Age
15:25 Castle Age
13:17 Double-Bit Axe
13:13 Horse Collar
16:55 Bow Saw
16:48 Heavy Plow
18:48 Loom
23:55 Wheelbarrow
23:31 Gold Mining
25:10 Scale Barding Armor
25:15 Forging
25:44 Husbandry
27:00 Bloodlines
bluestorm
10:52 Feudal Age
11:47 Double-Bit Axe
11:43 Horse Collar
15:01 Castle Age
15:28 Wheelbarrow
16:14 Bow Saw
16:07 Heavy Plow
23:17 Gold Mining
25:07 Hand Cart
Lampy
11:05 Feudal Age
14:41 Castle Age
14:27 Scale Mail Armor
14:37 Forging
16:47 Loom
18:36 Double-Bit Axe
21:35 Chain Mail Armor
22:00 Arson
26:50 Iron Casting
Andy_Sai Gon
10:59 Feudal Age
15:06 Castle Age
13:22 Double-Bit Axe
14:25 Gold Mining
16:00 Loom
16:48 Forging
16:39 Scale Mail Armor
25:39 Wheelbarrow
bthi68153
11:14 Feudal Age
10:59 Loom
16:45 Castle Age
14:55 Double-Bit Axe
15:22 Horse Collar
16:03 Gold Mining
19:13 Stone Mining
23:08 Pikeman
30:56 Imperial Age
redwolfliu
10:35 Feudal Age
11:00 Horse Collar
11:23 Double-Bit Axe
14:58 Castle Age
15:33 Wheelbarrow
16:28 Bow Saw
17:04 Heavy Plow
20:00 Stone Mining
21:08 Gold Mining
26:52 Imperial Age
24:30 Loom
25:01 Hand Cart
25:27 Fletching
25:38 Padded Archer Armor
26:06 Bodkin Arrow
26:28 Crossbowman
26:42 Pikeman
27:23 Squires
27:41 Leather Archer Armor
28:10 Stone Shaft Mining
28:03 Conscription
27:08 Arbalester
28:53 Chemistry
28:05 Arson
28:23 Bracer
29:14 Scale Mail Armor
Connection lost

Rejoining the realm…

Still unreachable

The connection could not be restored.

Session expired

The server has moved on; the page needs a fresh start.